 Dungeon Crawl Stone Soup version 0.20.1-1-g8b1a95d (webtiles) character file.

71165 kae the Black Belt (level 14, -1/119 HPs)
             Began as a Demonspawn Gladiator on Sept 6, 2017.
             Was a High Priest of Okawaru.
             Slain by an orc warrior
             ... wielding a +0 great mace
              (13 damage)
             ... on level 2 of the Orcish Mines.
             The game lasted 00:41:13 (32261 turns).

kae the Black Belt (Demonspawn Gladiator)          Turns: 32261, Time: 00:41:14

Health: -1/119     AC:  7    Str: 17    XL:     14   Next: 96%
Magic:  23/23      EV: 17    Int:  9    God:    Okawaru [*****.]
Gold:   1852       SH:  0    Dex: 23    Spells: 13/13 levels left

rFire    . . .     SeeInvis .     - Unarmed
rCold    + . .     Gourm    .   (no shield)
rNeg     . . .     Faith    .   n - +1 leather armour "Yhiopuz" {+Fly rF+}
rPois    +         Spirit   .   K - +0 helmet of Impiomuoko {+Inv rPois MR++ Str+2}
rElec    +         Reflect  .   J - +0 cloak "Jias" {MR+}
rCorr    .         Harm     .   (gloves unavailable)
MR       ++++.                  Q - +0 pair of boots {run}
Stlth    ++........             B - amulet of magic regeneration
Regen    0.3/turn               C - +3 ring of dexterity
MPRegen  0.3/turn               W - ring "Kaosew" {Ice rElec}

@: quick
A: claws 3, hooves 2, foul stench 2, spiny 1, rot immunity
a: Heroism, Finesse, Renounce Religion, Evoke Invisibility, Evoke Flight


You were on level 2 of the Orcish Mines.
You worshipped Okawaru.
Okawaru was extremely pleased with you.
You were not hungry.

You visited 5 branches of the dungeon, and saw 21 of its levels.

You collected 1852 gold pieces.

Inventory:

Hand Weapons
 e - a +1 club
Missiles
 c - 3 throwing nets (quivered)
 V - 3 tomahawks of dispersal
Armour
 a - a +0 leather armour
 b - a +1 helmet
 n - the +1 leather armour "Yhiopuz" (worn) {+Fly rF+}
   (You found it on level 1 of the Lair of Beasts)

   It protects you from fire.
   It lets you fly.
 J - the +0 cloak "Jias" (worn) {MR+}
   (You found it on level 8 of the Dungeon)

   It affects your resistance to hostile enchantments.
 K - the +0 helmet of Impiomuoko (worn) {+Inv rPois MR++ Str+2}
   (You found it on level 8 of the Dungeon)

   It affects your strength (+2).
   It protects you from poison.
   It affects your resistance to hostile enchantments.
   It lets you turn invisible.
 O - a +2 cloak of poison resistance
 Q - a +0 pair of boots of running (worn)
 R - the +1 ring mail of Salvation {Str+5}
   (Okawaru gifted it to you on level 9 of the Dungeon)

   It affects your strength (+5).
Jewellery
 p - an uncursed ring of protection from fire
 v - an uncursed ring of wizardry
 z - a +2 ring of dexterity
 B - an amulet of magic regeneration (around neck)
 C - a +3 ring of dexterity (left claw)
 F - an uncursed ring of poison resistance
 I - an uncursed ring of resist corrosion
 T - an uncursed ring of protection from cold
 W - the ring "Kaosew" (right claw) {Ice rElec}
   (You found it on level 1 of the Lair of Beasts)

   [ring of ice]

   It enhances your ice magic.
   It makes you vulnerable to fire.
   It protects you from cold.
   It insulates you from electricity.
Wands
 y - a wand of polymorph (5/24)
 L - a wand of paralysis (1/24)
 P - a wand of paralysis (3/24)
Scrolls
 k - 7 scrolls of teleportation
 m - 2 scrolls of magic mapping
 r - 10 scrolls of remove curse
 M - 2 scrolls of enchant weapon
 N - a scroll of enchant armour
 U - a scroll of amnesia
Potions
 g - 4 potions of magic
 i - a potion of berserk rage
 o - 8 potions of flight
 q - 4 potions of curing
 s - 2 potions of haste
 t - 3 potions of ambrosia
 x - a potion of agility
 D - a potion of lignification
 G - a potion of brilliance
 S - a potion of might
Books
 j - a book of Changes

   Spells                             Type                      Level
   a - Beastly Appendage              Transmutation                1
   b - Sticks to Snakes               Transmutation                2
   c - Spider Form                    Transmutation/Poison         3
   d - Ice Form                       Ice/Transmutation            4
   e - Blade Hands                    Transmutation                5
 w - a book of Geomancy

   Spells                             Type                      Level
   a - Sandblast                      Earth                        1
   b - Passwall                       Transmutation/Earth          2
   c - Stone Arrow                    Conjuration/Earth            3
   d - Petrify                        Transmutation/Earth          4
   e - Lee's Rapid Deconstruction     Earth                        5
 A - a book of Misfortune

   Spells                             Type                      Level
   a - Confusing Touch                Hexes                        1
   b - Confuse                        Hexes                        3
   c - Gell's Gravitas                Translocation                3
   d - Petrify                        Transmutation/Earth          4
   e - Metabolic Englaciation         Hexes/Ice                    5
   f - Yara's Violent Unravelling     Hexes/Transmutation          5
 E - a book of Air

   Spells                             Type                      Level
   a - Shock                          Conjuration/Air              1
   b - Swiftness                      Charms/Air                   2
   c - Static Discharge               Conjuration/Air              3
   d - Airstrike                      Air                          4
   e - Lightning Bolt                 Conjuration/Air              5
 H - a book of Cantrips

   Spells                             Type                      Level
   a - Confusing Touch                Hexes                        1
   b - Animate Skeleton               Necromancy                   1
   c - Summon Small Mammal            Summoning                    1
   d - Apportation                    Translocation                1
Miscellaneous
 Y - a sack of spiders
Comestibles
 d - 7 bread rations
 f - 17 royal jellies
 l - 5 meat rations
 u - 25 fruits


   Skills:
 + Level 13.7 Fighting
 - Level 1.7 Throwing
 + Level 6.7 Dodging
 * Level 17.2 Unarmed Combat
 - Level 12.8 Invocations


You had 13 spell levels left.
You didn't know any spells.

Dungeon Overview and Level Annotations

Branches:
Dungeon (11/15)            Temple (1/1) D:7            Lair (6/6) D:10
  Swamp (0/4) Lair:2       Spider (0/4) Lair:4        Slime (1/5) Lair:5
    Orc (2/2) D:11            Elf (0/3) Orc:2

Altars:
Ashenzari
Cheibriados
Dithmenos
Elyvilon
Fedhas
Gozag
Hepliaklqana
Kikubaaqudgha
Makhleb
Nemelex Xobeh
Okawaru
Qazlal
Ru
Sif Muna
Trog
Uskayaw
Vehumet
Xom
Yredelemnul
Zin
The Shining One
Jiyva

Shops:
D:8 (   D:11 (   Orc:1 [

Annotations:
D:7 acidapple's ghost, novice HuAE


Innate Abilities, Weirdness & Mutations

You have claws for hands.
You have hoof-like feet.
You frequently emit foul miasma when damaged in melee.
You are partially covered in sharp spines.
You are immune to rotting.


Message History

The orc warrior misses you.
The orc warrior throws a tomahawk.
The tomahawk hits you.
You barely miss the orc warrior. Your claw misses the orc warrior.
The orc warrior is heavily wounded.
The orc warrior closely misses you. The orc warrior hits you with a mace!
You emit a cloud of foul miasma!
You mangle the orc warrior!!
You kill the orc warrior!
Okawaru accepts your kill.
The orc warrior hits you with an uncursed great mace!!
* * * LOW HITPOINT WARNING * * *
You emit a cloud of foul miasma!
The orc warrior barely misses you.
Your leather armour "Yhiopuz" prevents you from hitting the orc warrior.
The orc warrior is heavily wounded.
The orc warrior throws a tomahawk.
The tomahawk hits you!
* * * LOW HITPOINT WARNING * * *
The orc warrior is engulfed in dark miasma.
The orc warrior is poisoned.
The orc warrior hits you with an uncursed great mace!
You die...

≈≈≈≈... .. ≈≈≈....
...... ≈≈≈....o...
..#... ≈..........
...... ≈
.........##.....
..##..##..##....##
.........o....[..###
.........o§§........
.........§@o[)......
.......(.(.<[[.(##.
......[(.(([)(###
...#..##(.#.((# ....
#.[((.(## .o..
#((....#
>......(...(##
...........## .
........##


You could see 4 orc warriors.

Vanquished Creatures
  A stone giant (Orc:1)
  A dire elephant (Lair:6)
  Nessos (Lair:5)
  Snorg (Lair:5)
  Erolcha (D:11)
  8 hydras
  A merfolk avatar (Lair:6)
  4 two-headed ogres
  9 death yaks
  Urug (Lair:4)
  3 orc knights
  A lindwurm (Lair:6)
  An orc sorcerer (Orc:2)
  2 oklob plants (Lair:1)
  2 ugly things (D:11)
  A cyclops (D:10)
  20 elephants
  5 black mambas
  Maurice (D:9)
  19 spiny frogs
  16 komodo dragons
  2 trolls (D:10)
  A jumping spider (Lair:4)
  5 polar bears
  A hornet (Lair:6)
  31 blink frogs
  2 wind drakes (Lair:6)
  10 hippogriffs
  6 wyverns
  42 yaks
  A steam dragon (D:10)
  3 basilisks
  An acid dragon (D:11)
  Duvessa (D:7)
  14 water moccasins
  24 orc warriors
  9 porcupines
  A black bear (D:7)
  2 ice beasts
  2 sky beasts
  2 phantoms (D:9)
  A necrophage (D:9)
  4 ogres
  8 centaurs
  9 wolves
  15 crocodiles
  A big kobold (D:10)
  13 bullfrogs
  A wyvern zombie (D:10)
  Dowan (D:7)
  2 scorpions
  A wyvern skeleton (D:7)
  9 killer bees
  4 howler monkeys
  7 wights
  5 electric eels (Lair:1)
  6 jellies
  4 crimson imps
  2 bullfrog zombies
  4 hounds
  A quasit (D:9)
  2 centaur zombies
  15 orc priests
  18 orc wizards
  2 centaur skeletons
  3 iguanas
  8 worker ants
  A hound zombie (D:7)
  A howler monkey zombie (D:7)
  A worker ant zombie (D:7)
  Robin (D:4)
  4 gnolls (D:10)
  A howler monkey skeleton (D:5)
  11 adders
  3 shadow imps
  7 oozes
  2 adder skeletons
  3 worms
  6 dart slugs
  7 leopard geckos
  91 orcs
  4 ball pythons
  8 bats
  7 giant cockroaches
  13 goblins
  10 hobgoblins
  23 jackals
  12 kobolds
  5 quokkas
  A ball python skeleton (D:4)
  5 frilled lizards
  A leopard gecko skeleton (D:5)
  A quokka skeleton (D:5)
  10 rats
  3 plants
647 creatures vanquished.

Vanquished Creatures (others)
  An orc warrior (Orc:2)
  A centaur (Orc:2)
  2 orcs (Orc:2)
  A bush (Lair:5)
  18 fungi
  23 plants
46 creatures vanquished.

Grand Total: 693 creatures vanquished

Notes
Turn   | Place    | Note
-------+----------+-------------------------------------------
     0 | D:1      | kae the Demonspawn Gladiator began the quest for the Orb.
     0 | D:1      | Reached XP level 1. HP: 16/16 MP: 1/1
    77 | D:1      | Reached skill level 3 in Unarmed Combat
   413 | D:1      | Gained mutation: You are immune to rotting. [demonic ancestry]
   413 | D:1      | Reached XP level 2. HP: 18/22 MP: 2/2
  1301 | D:1      | Reached XP level 3. HP: 16/28 MP: 3/3
  2436 | D:3      | Gained mutation: You may emit foul miasma when damaged in melee. [demonic ancestry]
  2436 | D:3      | Reached XP level 4. HP: 19/35 MP: 4/4
  2501 | D:3      | Reached skill level 4 in Unarmed Combat
  3083 | D:3      | Noticed a centaur
  3105 | D:3      | Killed a centaur
  3105 | D:3      | Reached skill level 5 in Unarmed Combat
  3105 | D:3      | Gained mutation: You have sharp fingernails. [demonic ancestry]
  3105 | D:3      | Reached XP level 5. HP: 16/42 MP: 5/5
  3330 | D:3      | Found a radiant altar of Vehumet.
  3948 | D:4      | Gained mutation: You have very sharp fingernails. [demonic ancestry]
  3948 | D:4      | Reached XP level 6. HP: 16/48 MP: 6/6
  4256 | D:4      | Noticed Robin
  4936 | D:5      | Entered Level 5 of the Dungeon
  4938 | D:5      | Found a shimmering altar of Xom.
  4943 | D:5      | Noticed an ice beast
  4957 | D:4      | Killed an ice beast
  4957 | D:4      | Reached skill level 6 in Unarmed Combat
  5042 | D:4      | Gained mutation: You are partially covered in sharp spines. [demonic ancestry]
  5042 | D:4      | Reached XP level 7. HP: 15/55 MP: 7/7
  5339 | D:4      | Killed Robin
  5518 | D:5      | Reached skill level 5 in Fighting
  5801 | D:5      | Reached skill level 7 in Unarmed Combat
  5955 | D:5      | Found a glowing silver altar of Zin.
  5956 | D:5      | Noticed an angel
  6631 | D:6      | Reached XP level 8. HP: 59/63 MP: 8/8
  6680 | D:6      | Found a hide-covered altar of Uskayaw.
  6831 | D:6      | Reached skill level 8 in Unarmed Combat
  7499 | D:7      | Noticed acidapple's ghost (novice HuAE)
  7883 | D:7      | Found a staircase to the Ecumenical Temple.
  7898 | Temple   | Entered the Ecumenical Temple
  8084 | Temple   | Became a worshipper of Warmaster Okawaru
  8104 | D:7      | Reached skill level 9 in Unarmed Combat
  8169 | D:7      | Reached skill level 1 in Invocations
  8177 | D:7      | Reached XP level 9. HP: 29/71 MP: 8/10
  8919 | D:6      | Noticed a two-headed ogre
  8925 | D:6      | Killed a two-headed ogre
  8925 | D:6      | Reached * piety under Okawaru
  9102 | D:7      | Noticed Duvessa
  9102 | D:7      | Noticed Dowan
  9148 | D:7      | Killed Duvessa
  9148 | D:7      | Reached skill level 10 in Unarmed Combat
  9151 | D:7      | Killed Dowan
  9385 | D:8      | Got a pitted cloak
  9394 | D:8      | Identified the +0 cloak "Jias" {MR+} (You found it on level 8 of the Dungeon)
  9420 | D:8      | Found Raneygea's Weapon Emporium.
  9439 | D:8      | Got a jewelled helmet
  9450 | D:8      | Identified the cursed +0 helmet of Impiomuoko {+Inv rPois MR++ Str+2} (You found it on level 8 of the Dungeon)
  9801 | D:8      | Found an opulent altar of Gozag.
  9880 | D:8      | Reached ** piety under Okawaru
 10394 | D:9      | Reached skill level 5 in Invocations
 10409 | D:9      | Noticed Maurice
 10421 | D:9      | Killed Maurice
 10421 | D:9      | Gained mutation: You have claws for hands. [demonic ancestry]
 10421 | D:9      | Reached XP level 10. HP: 40/80 MP: 12/14
 10531 | D:9      | Noticed a two-headed ogre
 10597 | D:9      | Killed a two-headed ogre
 10597 | D:9      | Reached *** piety under Okawaru
 10642 | D:9      | Found an ancient bone altar of Kikubaaqudgha.
 10646 | D:9      | Reached skill level 11 in Unarmed Combat
 11175 | D:10     | Entered Level 10 of the Dungeon
 11443 | D:10     | Reached **** piety under Okawaru
 11894 | D:10     | Noticed a death yak
 11896 | D:10     | Noticed a death yak
 11899 | D:10     | Noticed a death yak
 12001 | D:10     | Noticed a cyclops
 12509 | D:10     | Killed a death yak
 12872 | D:10     | Reached skill level 12 in Unarmed Combat
 12998 | D:9      | Killed a death yak
 12998 | D:9      | Reached ***** piety under Okawaru
 12998 | D:9      | Gained mutation: You have large cloven feet. [demonic ancestry]
 12998 | D:9      | Reached XP level 11. HP: 38/89 MP: 15/17
 13444 | D:9      | Killed a death yak
 13444 | D:9      | Received a gift from Okawaru
 13460 | D:9      | Got an ancient ring mail {god gift}
 13471 | D:9      | Identified the +1 ring mail of Salvation {Str+5} (Okawaru gifted it to you on level 9 of the Dungeon)
 13646 | D:10     | Found a staircase to the Lair.
 14048 | D:11     | Noticed a brown ugly thing
 14056 | D:11     | Killed a brown ugly thing
 14287 | D:11     | Found Eruleint's Antique Weapon Shoppe.
 14346 | D:11     | Noticed a green ugly thing
 14354 | D:11     | Killed a green ugly thing
 14411 | D:11     | Noticed a two-headed ogre
 14416 | D:11     | Killed a two-headed ogre
 14508 | D:11     | Noticed Erolcha
 14513 | D:11     | Killed Erolcha
 14542 | D:11     | Reached skill level 10 in Fighting
 15088 | D:11     | Reached skill level 13 in Unarmed Combat
 15215 | D:11     | Found a staircase to the Orcish Mines.
 15540 | Lair:1   | Entered Level 1 of the Lair of Beasts
 15976 | Lair:1   | Reached skill level 10 in Invocations
 16235 | Lair:1   | Reached XP level 12. HP: 84/98 MP: 19/19
 16388 | Lair:1   | Received a gift from Okawaru
 16592 | Lair:1   | Got a coiled bone ring
 16594 | Lair:1   | Identified the ring "Kaosew" {Ice rElec} (You found it on level 1 of the Lair of Beasts)
 17106 | Lair:1   | Noticed a four-headed hydra
 17111 | Lair:1   | Killed a six-headed hydra
 17665 | Lair:1   | Received a gift from Okawaru
 17665 | Lair:1   | Reached skill level 14 in Unarmed Combat
 17667 | Lair:1   | Got a citrine-encrusted leather armour
 17931 | Lair:1   | Identified the cursed +1 leather armour "Yhiopuz" {+Fly rF+} (You found it on level 1 of the Lair of Beasts)
 17970 | Lair:1   | Noticed a five-headed hydra
 17977 | Lair:1   | Killed a six-headed hydra
 18226 | Lair:2   | Noticed an eight-headed hydra
 18868 | Lair:2   | Killed a 12-headed hydra
 19197 | Lair:2   | Noticed a four-headed hydra
 19204 | Lair:2   | Killed a five-headed hydra
 19564 | Lair:2   | Found a staircase to the Swamp.
 20314 | Lair:3   | Gained mutation: You frequently emit foul miasma when damaged in melee. [demonic ancestry]
 20314 | Lair:3   | Reached XP level 13. HP: 100/107 MP: 20/22
 20447 | Lair:3   | HP: 6/160 [spiny frog (13)]
 21004 | Lair:3   | Reached skill level 15 in Unarmed Combat
 21431 | Lair:3   | Reached ****** piety under Okawaru
 22142 | Lair:4   | Found a sparkling altar of Nemelex Xobeh.
 22745 | Lair:4   | Found a hole to the Spider Nest.
 23089 | Lair:4   | Noticed Urug
 23099 | Lair:4   | Killed Urug
 23108 | Lair:4   | Received a gift from Okawaru
 23785 | Lair:5   | Found a staircase to the Slime Pits.
 23785 | Lair:5   | Found a viscous altar of Jiyva.
 23785 | Lair:5   | Noticed Snorg
 23794 | Lair:5   | Killed Snorg
 24414 | Lair:5   | Noticed Nessos
 24923 | Lair:5   | Killed Nessos
 24923 | Lair:5   | Received a gift from Okawaru
 24932 | Lair:5   | Reached skill level 16 in Unarmed Combat
 25547 | Lair:6   | Entered Level 6 of the Lair of Beasts
 25653 | Lair:6   | Gained mutation: You have hoof-like feet. [demonic ancestry]
 25653 | Lair:6   | Reached XP level 14. HP: 80/116 MP: 23/23
 26342 | Lair:6   | Reached skill level 5 in Dodging
 26794 | Slime:1  | Entered Level 1 of the Pits of Slime
 26794 | Slime:1  | Noticed an acid blob
 27744 | Lair:6   | Received a gift from Okawaru
 27765 | Lair:6   | Identified a +0 pair of boots of running (Okawaru gifted it to you on level 6 of the Lair of Beasts)
 29150 | Lair:6   | Reached skill level 17 in Unarmed Combat
 29449 | Orc:1    | Entered Level 1 of the Orcish Mines
 29547 | Orc:1    | Found Ximiappo's Antique Armour Shoppe.
 30214 | Orc:2    | Entered Level 2 of the Orcish Mines
 30225 | Orc:2    | Found a staircase to the Elven Halls.
 30834 | Orc:1    | Noticed a stone giant
 31020 | Orc:1    | Killed a stone giant
 32261 | Orc:2    | Slain by an orc warrior

Skill      XL: |  1  2  3  4  5  6  7  8  9 10 11 12 13 14 |
---------------+-------------------------------------------+-----
Unarmed Combat | 3 5 6 7 9 10 12 13 14 16 17 | 17.2
Fighting       | 3 4 5 6 8 9 10 11 12 13 | 13.7
Invocations    | 1 5 8 10 12 | 12.8
Dodging        | 4 6 |  6.7
Throwing       | |  1.7

Action                   |  1- 3 |  4- 6 |  7- 9 | 10-12 | 13-15 || total
-------------------------+-------+-------+-------+-------+-------++-------
Melee: Unarmed           |   126 |   158 |   260 |   464 |   590 ||  1598
       Club              |    77 |       |       |       |       ||    77
       Punch             |     1 |     4 |    15 |    39 |    70 ||   129
       Kick              |       |       |       |   152 |   130 ||   282
Throw: Throwing net      |     1 |     1 |       |     4 |     1 ||     7
Invok: Heroism           |       |       |     1 |     8 |    22 ||    31
Evoke: Wand              |       |       |     6 |    19 |     8 ||    33
  Use: Scroll            |     6 |     2 |    10 |     8 |    10 ||    36
       Potion            |       |     4 |       |     5 |     6 ||    15
 Stab: Sleeping          |       |       |     6 |       |     4 ||    10
       Distracted        |       |       |       |     1 |       ||     1
  Eat: Chunk             |     5 |     8 |    16 |    26 |    30 ||    85
       Royal jelly       |       |       |       |     1 |       ||     1
       Fruit             |       |       |       |     5 |     2 ||     7
       Meat ration       |       |       |       |       |     1 ||     1
Armor: Leather armour    |    54 |    20 |    31 |    27 |    72 ||   204
       Ring mail         |       |       |       |    25 |       ||    25
       Skin              |       |       |       |       |     2 ||     2
Dodge: Dodged            |   132 |   123 |   103 |   209 |   401 ||   968
